 Dungeon Crawl Stone Soup version 0.30-a0-782-ge64f9170bb (webtiles) character file.

Game seed: 6924795100207823998

2410 mopl the Sneak (level 9, 0/62 HPs)
             Began as a Red Draconian Enchanter on Mar 3, 2023.
             Was an Initiate of Dithmenos.
             Slain by a mummy (12 damage)
             ... in an ossuary.
             The game lasted 00:14:55 (6339 turns).

mopl the Sneak (Red Draconian Enchanter)            Turns: 6339, Time: 00:14:55

Health: 0/62       AC: 10    Str: 10    XL:     9   Next: 23%
Magic:  17/17      EV: 12    Int: 21    God:    Dithmenos [......]
Gold:   59         SH:  0    Dex: 13    Spells: 9/19 levels left

rFire   + . .      SeeInvis +    a - +2 dagger (venom)
rCold   . . .      Faith    .    (no shield)
rNeg    . . .      Spirit   .    (body armour unavailable)
rPois   .          Reflect  .    (helmet restricted)
rElec   .          Harm     .    (no cloak)
rCorr   .          Rampage  .    L - +0 pair of gloves
Will    .....                    C - +1 pair of boots of Action {Int+2}
Stlth   +++                      (no amulet)
HPRegen 0.30/turn                s - ring of flight
MPRegen 0.15/turn                K - ring of see invisible

@: brilliant, short of breath, on berserk cooldown, flying, invisible
A: breathe fire, AC +7, unfitting armour, fire resistance 1, cold-blooded
a: Breathe Fire, Renounce Religion


You were in an ossuary.
You worshipped Dithmenos.
Dithmenos was noncommittal.
You visited 2 branches of the dungeon, and saw 8 of its levels.
You also visited: Sewer and Ossuary.

You collected 343 gold pieces.
You spent 284 gold pieces at shops.

Inventory:

Hand Weapons
 a - a +2 dagger of venom (weapon)
 v - a +1 dagger
Missiles
 f - a throwing net
 t - 14 poisoned darts
 D - 2 curare-tipped darts
 G - 3 boomerangs
 I - 3 atropa-tipped darts
Armour
 C - the +1 pair of boots of Action (worn) {Int+2}
   (You found it on level 5 of the Dungeon)

   Int:       It affects your intelligence (+2).
 L - a +0 pair of gloves (worn)
Jewellery
 s - a ring of flight (left hand)
 A - the ring of Zoetzih {Fire Will+ Str+2}
   (You found it on level 4 of the Dungeon)

   [ring of fire]

   It enhances your fire magic.
   Str:       It affects your strength (+2).
   rF:        It protects you from fire.
   rC:        It makes you vulnerable to cold.
   Will:      It increases your willpower.
 K - a ring of see invisible (right hand)
Wands
 B - a wand of roots (22)
Scrolls
 g - 4 scrolls of brand weapon {unknown}
 i - 2 scrolls of amnesia {unknown}
 j - 3 scrolls of fear {unknown}
 k - 6 scrolls of poison {unknown}
 l - 2 scrolls of blinking {unknown}
 n - 4 scrolls of fog {unknown}
 o - 2 scrolls of magic mapping
 p - a scroll of torment {unknown}
 u - a scroll of vulnerability
 y - 2 scrolls of enchant weapon {unknown}
 z - 3 scrolls of teleportation
 E - a scroll of enchant armour {unknown}
 H - a scroll of immolation
Potions
 b - a potion of invisibility
 c - a potion of berserk rage {!q}
 d - 4 potions of mutation {!q}
 e - a potion of cancellation {unknown}
 h - 3 potions of flight
 m - 4 potions of brilliance
 q - 3 potions of curing
 r - a potion of magic
 w - 5 potions of haste {unknown}
 x - a potion of lignification {unknown}
 F - a potion of heal wounds {unknown}
 J - a potion of ambrosia {unknown}


   Skills:
 + Level 5.8 Short Blades
 - Level 1.7 Dodging
 + Level 6.3 Stealth
 + Level 5.6 Spellcasting
 + Level 5.9 Hexes
 - Level 3.0 Transmutations
 - Level 3.0 Earth Magic


You had 9 spell levels left.
You knew the following spells:

 Your Spells              Type           Power      Damage    Failure   Level
b - Ensorcelled Hibernat  Hex/Ice        54%        N/A       4%          2
c - Confusing Touch       Hex            46%        N/A       2%          3
d - Tukima's Dance        Hex            46%        N/A       2%          3
p - Passwall              Tmut/Erth      22%        N/A       4%          2

Your spell library contained the following spells:

 Spells                   Type           Power      Damage    Failure   Level
 Beastly Appendage        Tmut           54%        N/A       3%          1
 Sandblast                Erth           54%        2d13      3%          1
 Wereblood                Tmut           27%        N/A       4%          2
 Dazzling Flash           Conj/Hex       54%        N/A       9%          3
 Spider Form              Tmut/Pois      18%        N/A       17%         3
 Stone Arrow              Conj/Erth      36%        3d9       17%         3
 Gell's Gravitas          Tloc           8%         N/A       30%         3
 Ozocubu's Armour         Ice            8%         N/A       30%         3
 Teleport Other           Tloc           8%         N/A       30%         3
 Dispersal                Tloc           4%         N/A       100%        6
 Ozocubu's Refrigeration  Ice            4%         4d8       100%        7


Dungeon Overview and Level Annotations

Branches:
Dungeon (7/15)             Temple (1/1) D:6           Sewer (visited)
Ossuary (1/1)

Altars:
Ashenzari
Cheibriados
Dithmenos
Elyvilon
Gozag
Hepliaklqana
Kikubaaqudgha
Makhleb
Nemelex Xobeh
Okawaru
Qazlal
Ru
Uskayaw
Vehumet
Wu Jian
Xom
Yredelemnul
The Shining One

Shops:
D:2 ?   D:6 ?


Innate Abilities, Weirdness & Mutations

You can breathe blasts of fire.
Your fiery red scales are hard. (AC +7)
You cannot fit into any form of body armour.
Your flesh is heat resistant. (rF+)
You are cold-blooded and may be slowed by cold attacks.


Message History

A mummy comes into view.
The adder zombie bites you but does no damage.
A mummy comes into view. x3
You hit the adder zombie.
The adder zombie is heavily damaged.
The adder zombie bites you but does no damage.
You hit the adder zombie. You tail-slap the adder zombie.
The adder zombie is severely damaged.
The adder zombie misses you.
You hit the adder zombie.
The adder zombie is almost destroyed.
The adder zombie closely misses you. x2
You hit the adder zombie but do no damage.
The adder zombie is almost destroyed.
The adder zombie closely misses you.
You hit the adder zombie.
You destroy the adder zombie!
Dithmenos accepts your kill.
Okay, then.
You fade into invisibility!
You hit the mummy but do no damage.
You feel yourself speed up.
Aiming: Breathe Fire (4% risk of failure)
Press: ? - help, Shift-Dir - straight line, f - mummy
Aim: a mummy (unable to see you, 85% to hit)
You breathe a blast of fire.
The fiery breath misses the mummy.
The fiery breath hits the mummy!!
The mummy is burned terribly!
You destroy the mummy!
Dithmenos accepts your kill.
The fiery breath hits the mummy!
The mummy is burned terribly!
The mummy is severely damaged.
The mummy closely misses you.
Unknown command.
Unknown command.
You hit the mummy.
The mummy is moderately damaged.
You hit the mummy.
The mummy is moderately damaged.
The mummy hits you!
You die...

.......#####....
.................
.................
#...............
.##...............
..................
..................
..........∩.......
.......@MM∩.○.....
.........M........
..................
..................
..................
.##...............
#...............
................


You could see 3 mummies.

Vanquished Creatures
  Pikel (D:6)
  An acid dragon (D:6)
  3 ogres
  2 lemures (D:6)
  A phantom (D:3)
  3 kobold brigands (Sewer)
  2 elf zombies (Ossuary)
  A gnoll sergeant (D:4)
  3 scorpions
  2 necrophages
  An orc priest (D:6)
  3 hounds
  2 jellies
  3 human zombies (Ossuary)
  Jessica (D:3)
  An iguana (D:5)
  Terence (D:3)
  4 orc wizards
  A mummy (Ossuary)
  5 gnolls (D:4)
  8 adders
  5 river rats
  A shadow imp (D:5)
  3 white imps
  An ufetubus (D:4)
  An adder zombie (Ossuary)
  5 worms
  2 dart slugs (D:4)
  14 orcs
  14 ball pythons
  7 bats
  8 endoplasms
  6 giant cockroaches
  4 goblins
  11 hobgoblins
  11 jackals
  13 kobolds
  2 quokkas
  9 frilled lizards
  A gnoll zombie (Ossuary)
  2 goblin zombies (Ossuary)
  A hobgoblin zombie (Ossuary)
  2 jackal zombies (Ossuary)
  14 rats
186 creatures vanquished.

Vanquished Creatures (others)
  6 plants (Sewer)
6 creatures vanquished.

Grand Total: 192 creatures vanquished

Notes
Turn   | Place    | Note
-------+----------+-------------------------------------------
     0 | D:1      | mopl the Draconian Enchanter began the quest for the Orb.
     0 | D:1      | Reached XP level 1. HP: 14/14 MP: 3/3
   116 | D:1      | Reached XP level 2. HP: 20/20 MP: 5/5
   119 | D:1      | Learned a level 2 spell: Ensorcelled Hibernation
   232 | D:1      | Reached skill level 3 in Stealth
   501 | D:1      | Reached skill level 3 in Hexes
   605 | D:1      | Reached XP level 3. HP: 6/26 MP: 2/6
   689 | D:1      | Learned a level 3 spell: Tukima's Dance
   864 | D:2      | Found Yjiurghik's Magic Scroll Shoppe.
   945 | D:2      | You fall into a shaft and drop 1 floor!
  1128 | D:2      | Found a faded altar of an unknown god.
  1650 | D:2      | Bought a scroll of identify for 28 gold pieces
  1650 | D:2      | Bought a scroll of vulnerability for 56 gold pieces
  1696 | D:3      | Reached skill level 2 in Short Blades
  1709 | D:3      | Found a broken altar of Ashenzari.
  1781 | D:3      | Noticed Terence
  1802 | D:3      | Killed Terence
  1803 | D:3      | Reached XP level 4. HP: 32/33 MP: 4/8
  1807 | D:3      | Learned a level 3 spell: Confusing Touch
  1872 | D:3      | Found an iron altar of Okawaru.
  2067 | D:3      | Found a burning altar of Makhleb.
  2067 | D:3      | Noticed a balrug
  2070 | D:3      | Noticed a smoke demon
  2070 | D:3      | Noticed an orange demon
  2074 | D:3      | Noticed Jessica
  2082 | D:3      | Killed Jessica
  2390 | D:3      | Noticed a scorpion
  2393 | D:3      | Killed a scorpion
  2394 | D:3      | Reached skill level 3 in Spellcasting
  2394 | D:3      | Reached XP level 5. HP: 38/38 MP: 9/9
  2431 | D:3      | Learned a level 2 spell: Passwall
  2509 | D:4      | Noticed an ogre
  2749 | D:4      | Killed an ogre
  2750 | D:4      | Reached skill level 3 in Short Blades
  2750 | D:4      | Reached skill level 4 in Stealth
  2750 | D:4      | Reached skill level 1 in Transmutations
  2750 | D:4      | Reached XP level 6. HP: 30/45 MP: 0/10
  2831 | D:3      | Reached skill level 1 in Earth Magic
  2919 | D:4      | Identified the ring of Zoetzih {Fire Will+ Str+2}
  2933 | D:4      | Reached skill level 4 in Hexes
  3171 | D:4      | Your scales start taking on a fiery red colour.
  3171 | D:4      | Reached XP level 7. HP: 36/50 MP: 1/12
  3171 | D:4      | Gained mutation: Your flesh is heat resistant. (rF+) [Red
                  | Draconian growth]
  3321 | D:5      | Entered Level 5 of the Dungeon
  3340 | D:5      | Reached skill level 2 in Transmutations
  3351 | D:5      | Identified the +1 pair of boots of Action {Int+2}
  3381 | D:5      | Found a sparkling altar of Nemelex Xobeh.
  3389 | D:5      | Reached skill level 2 in Earth Magic
  3565 | D:5      | Found a glowing drain.
  3577 | Sewer    | Entered a sewer
  3763 | Sewer    | Reached skill level 4 in Short Blades
  3766 | Sewer    | Reached skill level 4 in Spellcasting
  3917 | Sewer    | Reached XP level 8. HP: 17/57 MP: 11/14
  4631 | D:5      | Reached skill level 3 in Transmutations
  4705 | D:5      | Reached skill level 5 in Stealth
  4705 | D:5      | Reached skill level 3 in Earth Magic
  4989 | D:2      | Bought a scroll of immolation for 56 gold pieces
  4989 | D:2      | Bought a scroll of magic mapping for 105 gold pieces
  5107 | D:6      | Noticed Pikel
  5219 | D:6      | Reached skill level 5 in Hexes
  5303 | D:6      | Killed Pikel
  5304 | D:6      | Reached skill level 5 in Short Blades
  5304 | D:6      | Reached skill level 5 in Spellcasting
  5416 | D:6      | Found a staircase to the Ecumenical Temple.
  5426 | D:6      | Reached skill level 6 in Stealth
  5426 | D:6      | Reached XP level 9. HP: 50/62 MP: 7/16
  5769 | D:6      | Found Humam's Magic Scroll Shop.
  5790 | Temple   | Entered the Ecumenical Temple
  5844 | Temple   | Became a worshipper of Dithmenos the Shadowed
  5886 | D:6      | Bought a scroll of teleportation for 39 gold pieces
  6059 | D:6      | Found a radiant altar of Vehumet.
  6108 | D:6      | Found a hazy altar of Hepliaklqana.
  6229 | D:7      | Found a sand-covered staircase.
  6234 | Ossuary  | Entered an ossuary
  6339 | Ossuary  | Slain by a mummy

Illustrated notes

Levels and vault maps discovered:
D:1:      minmay_arrival_open_corners, layout_basic, st_stairs_10
D:2:      layout_basic, chequers_ecumenical_altar_island, serial_shops,
          nicolae_square_shop
D:3:      layout_basic, general_overflow_altar, makhleb_altar_promises_db,
          lemuel_crystal_altar, uniq_terence, uniq_jessica
D:4:      layout_basic, lightli_minifort
D:5:      layout_basic, mainiacjoe_overflow_brackets, portal_sewer_entry_e
D:6:      layout_rooms, mainiacjoe_overflow_alcove_2,
          lemuel_coloured_pillars_altar, minmay_temple_entry_sparse_star,
          serial_shops, nicolae_shop_advertising_works
          [nicolae_subvault_shop_adworks], nicolae_elevator_lobby_asterisk,
          uniq_pikel
D:7:      layout_basic, enter_bailey_6, enter_ossuary_2, uniq_joseph,
          uniq_crazy_yiuf_cottage
Temple:   kb_temple_of_zot
Ossuary:  ossuary_minmay_tomb_2a

Skill      XL: |  1  2  3  4  5  6  7  8 |
---------------+-------------------------+-----
Stealth        | 3 4 6 |  6.3
Hexes          | 3 4 5 |  5.9
Short Blades   | 2 3 4 5 |  5.8
Spellcasting   | 3 4 5 |  5.6
Transmutations | 1 2 3 |  3.0
Earth Magic    | 1 2 3 |  3.0
Dodging        | |  1.7

Action                     |  1- 3 |  4- 6 |  7- 9 || total
---------------------------+-------+-------+-------++-------
  Melee: Dagger            |   217 |   126 |   350 ||   693
         Tailslap          |    19 |    12 |    57 ||    88
         Punch             |       |       |     2 ||     2
   Cast: Ensorcelled Hiber |    11 |    14 |    29 ||    54
         Tukima's Dance    |       |     2 |     1 ||     3
         Confusing Touch   |       |     1 |     3 ||     4
         Passwall          |       |       |     1 ||     1
Ability: Breathe Fire      |       |       |     5 ||     5
  Evoke: Wand              |       |       |     1 ||     1
    Use: Scroll            |       |     6 |     1 ||     7
         Potion            |       |       |     4 ||     4
   Stab: Sleeping          |    13 |    12 |    25 ||    50
         Confused          |       |     2 |     4 ||     6
         Invisible         |       |       |     3 ||     3
 Armour: Skin              |    78 |    42 |   186 ||   306
  Dodge: Dodged            |   158 |   100 |   319 ||   577

Table legend: (Time is in decaauts)
 A = Elapsed time spent in this place.
 B = Non-inter-level travel time spent in this place.
 C = Inter-level travel time spent in this place.
 D = Time resting spent in this place.
 E = Time spent auto-exploring this place.
 F = Levels seen in this place.
 G = Mean time per level.
                   A        B        C        D        E       F      G
               +--------+--------+--------+--------+--------+-----+--------+
         Total |   6259 |   5731 |    528 |    801 |   3008 |  10 |  625.9 |
       Dungeon |   5345 |   4847 |    498 |    644 |   2609 |   7 |  763.6 |
        Temple |     83 |     54 |     29 |      0 |     42 |   1 |   83.0 |
         Sewer |    740 |    740 |      0 |    157 |    357 |   1 |  740.0 |
       Ossuary |     90 |     90 |      0 |      0 |      0 |   1 |   90.0 |
               +--------+--------+--------+--------+--------+-----+--------+

Top non-repeatable levels by time:
     D:5: 935 daAuts
     D:3: 929 daAuts
     D:2: 920 daAuts
     D:6: 894 daAuts
     D:4: 803 daAuts
     D:1: 771 daAuts
   Sewer: 740 daAuts
     D:7: 90 daAuts
 Ossuary: 90 daAuts
  Temple: 83 daAuts
